 Dungeon Crawl Stone Soup version 0.32-a0-975-g85d4e5bfdb (webtiles) character file.

Game seed: 5142753520758526307

157 Maxmaps the Cudgeller (level 5, 0/79 HPs)
             Began as an Oni Shapeshifter on Apr 18, 2024.
             Slain by an orc priest
             ... wielding a +0 flail
              (2 damage)
             ... on level 4 of the Dungeon.
             The game lasted 00:02:45 (2243 turns).

Maxmaps the Cudgeller (Oni Shapeshifter)            Turns: 2243, Time: 00:02:45

Health: 0/79       AC:  3    Str: 18    XL:     5   Next: 38%
Magic:  5/5        EV:  8    Int: 11    God:
Gold:   87         SH:  0    Dex: 10    Spells: 4/4 levels left

rFire   . . .        m - +0 flail
rCold   . . .        (no shield)
rNeg    . . .        a - +0 animal skin
rPois   .            (helmet currently unavailable)
rElec   .            (cloak currently unavailable)
rCorr   .            (gloves unavailable)
SInv    .            (boots unavailable)
Will    .....        (no amulet) Stlth
                     (no ring)
HPRegen 0.33/turn    (no ring)
MPRegen 0.09/turn

%: no passive effects
@: berserking, beast-form, very quick
A: beast (slay +1), large, unfitting armour, horns 1, tough skin 1, double
potion healing, drunken brawling
a: Begin Untransformation, Convert to Beogh


You were on level 4 of the Dungeon.
You were a hulking beast.
You visited 1 branch of the dungeon, and saw 4 of its levels.

You collected 87 gold pieces.

Inventory:

Hand Weapons
 i - a +0 whip
 m - a +0 flail (weapon)
Armour
 a - a +0 animal skin (worn)
Talismans
 c - a beast talisman (active)
 d - a flux talisman
Scrolls
 e - a scroll of teleportation {unknown}
 f - 5 scrolls of identify {unknown}
 j - a scroll of immolation {unknown}
 k - a scroll of revelation {unknown}
 l - a scroll of fear {unknown}
 n - a scroll of blinking {unknown}
 o - a scroll of enchant armour {unknown}
 p - a scroll of vulnerability {unknown}
 q - a scroll of torment {unknown}
Potions
 b - a potion of lignification
 g - a potion of berserk rage
 h - a potion of heal wounds {unknown}


   Skills:
 - Level 3.5 Fighting
 + Level 4.1 Maces & Flails
 - Level 1.7 Dodging
 - Level 2.6 Unarmed Combat
 - Level 3.0 Shapeshifting


You had 4 spell levels left.
You didn't know any spells.
Your spell library contained the following spells:

 Spells                   Type           Power      Damage    Failure   Level
 Magic Dart               Conj           0%         1d3       34%         1
 Blink                    Tloc           0%         N/A       47%         2
 Call Imp                 Summ           0%         N/A       47%         2
 Fugue of the Fallen      Necr           0%         N/A       71%         3
 Ozocubu's Armour         Ice            0%         N/A       71%         3
 Manifold Assault         Tloc           0%         N/A       100%        7


Dungeon Overview and Level Annotations

Branches:
Dungeon (4/15)
 Temple: D:4-7

Altars:

Shops:
D:4 [


Innate Abilities, Weirdness & Mutations

You are a hulking beast.
Your limbs bulge with bestial killing power. (Slay +1)
You are too large for most types of armour.
You have a pair of small horns on your head.
You have tough skin. (AC +1)
You gain doubled healing and magic from potions.
Whenever you drink a healing potion, you attack all around you.


Message History

The orc priest is moderately wounded.
The orc priest hits you with a +0 flail.
The orc barely misses you. The hobgoblin closely misses you.
The orc priest shouts, "Surrender to Beogh and we'll let you live!" (press Y on the ability menu to convert to Beogh)
You hit the orc priest.
The orc priest is heavily wounded.
The orc closely misses you. The hobgoblin barely misses you.
The orc priest barely misses you.
You barely miss the orc priest.
The orc priest is heavily wounded.
The orc priest looks satisfied for a moment.
The orc hits you with a +0 whip.
The hobgoblin hits you but does no damage.
Unknown command.
You hit the orc priest.
The orc priest is severely wounded.
The orc priest invokes the aid of Beogh against you.
Pain shoots through your body! The orc hits you with a +0 whip.
The hobgoblin closely misses you.
Unknown command.
Unknown command.
You hit the orc priest but do no damage.
You headbutt the orc priest, but do no damage.
The orc priest is severely wounded.
The orc priest shouts, "The Pantheon deserves no one's loyalty.
Let us show you the true path!" The hobgoblin closely misses you.
The orc priest calls down the wrath of Beogh upon you.
Beogh smites you!
* * * LOW HITPOINT WARNING * * *
The orc hits you with a +0 whip.
* * * LOW HITPOINT WARNING * * *
The hobgoblin barely misses you. The orc barely misses you.
The orc priest barely misses you.
Unknown command.
It was a potion of berserk rage.
A red film seems to cover your vision as you go berserk!
You feel yourself moving faster!
You feel mighty! The orc barely misses you.
The orc priest hits you with a +0 flail.
You die...

#+###########
...........
..........
.o....... #oo...#
..####h###.#####
......g...)......
#######∩..#....#
###.# ...
#######.# .
#.....#.#
..#####.###.#.#
........#.#.#.#
...#.#...<#...#


You could see an orc priest, 2 orcs and a hobgoblin.

Vanquished Creatures
  An orc priest (D:4)
  Jessica (D:2)
  3 adders (D:3)
  A ribbon worm (D:2)
  A dart slug (D:1)
  An orc (D:4)
  7 bats
  4 endoplasms
  A giant cockroach (D:2)
  10 hobgoblins
  3 jackals (D:1)
  4 quokkas
  9 ball pythons
  3 frilled lizards (D:2)
  3 goblins (D:1)
  10 kobolds
  4 rats
66 creatures vanquished.

Notes
Turn   | Place    | Note
-------+----------+-------------------------------------------
     0 | D:1      | Maxmaps the Oni Shapeshifter began the quest for the Orb.
     0 | D:1      | Reached XP level 1. HP: 19/19 MP: 1/1
    66 | D:1      | Reached XP level 2. HP: 28/29 MP: 2/2
   507 | D:1      | Reached XP level 3. HP: 37/37 MP: 3/3
   510 | D:1      | Reached skill level 1 in Maces & Flails
  1059 | D:2      | Reached skill level 2 in Maces & Flails
  1121 | D:2      | Noticed Jessica
  1128 | D:2      | Killed Jessica
  1129 | D:2      | Reached XP level 4. HP: 45/45 MP: 4/4
  1649 | D:3      | Reached skill level 3 in Maces & Flails
  2060 | D:3      | Reached XP level 5. HP: 51/53 MP: 5/5
  2227 | D:4      | Found Ollivuch's Armour Shoppe.
  2238 | D:4      | Reached skill level 4 in Maces & Flails
  2242 | D:4      | HP: 1/53 [orc/+0 whip (5)]
  2243 | D:4      | Slain by an orc priest

Illustrated notes

Levels and vault maps discovered:
D:1:      dpeg_arrival_leaves_temple_mockup, layout_basic
D:2:      layout_basic, uniq_jessica
D:3:      layout_basic
D:4:      layout_basic, serial_shops, shop, st_stairs_1, patterned_corridor,
          uniq_pikel

Skill      XL: |  1  2  3  4  5 |
---------------+----------------+-----
Fighting       | 2 3 |  3.5
Maces & Flails | 2 3 4 |  4.1
Dodging        | |  1.7
Unarmed Combat | |  2.6
Shapeshifting  | |  3.0

Action                     |  1- 3 |  4- 6 || total
---------------------------+-------+-------++-------
  Melee: Unarmed           |    16 |       ||    16
         Headbutt          |    10 |     8 ||    18
         Whip              |    90 |     5 ||    95
         Club              |     7 |       ||     7
         Flail             |       |    68 ||    68
    Use: Potion            |       |     1 ||     1
 Armour: Animal skin       |    73 |    65 ||   138
  Dodge: Dodged            |    66 |    51 ||   117

Table legend: (Time is in decaauts)
 A = Elapsed time spent in this place.
 B = Non-inter-level travel time spent in this place.
 C = Inter-level travel time spent in this place.
 D = Time resting spent in this place.
 E = Time spent auto-exploring this place.
 F = Levels seen in this place.
 G = Mean time per level.
                   A        B        C        D        E       F      G
               +--------+--------+--------+--------+--------+-----+--------+
         Total |   2262 |   2184 |     78 |      0 |   1729 |   4 |  565.5 |
       Dungeon |   2262 |   2184 |     78 |      0 |   1729 |   4 |  565.5 |
               +--------+--------+--------+--------+--------+-----+--------+

Top non-repeatable levels by time:
     D:1: 829 daAuts
     D:2: 821 daAuts
     D:3: 578 daAuts
     D:4: 32 daAuts
